 Dungeon Crawl Stone Soup version 0.28.0-53-g5a82cb258f (webtiles) character file.

Game seed: 6687742229581976148

44 safid the Digger (level 3, -1/20 HPs)
             Began as a Gargoyle Earth Elementalist on Sept 4, 2022.
             Slain by a worm (7 damage)
             ... on level 2 of the Dungeon.
             The game lasted 00:01:46 (2157 turns).

safid the Digger (Gargoyle Earth Elementalist)      Turns: 2157, Time: 00:01:47

Health: -1/20      AC:  5    Str: 11    XL:     3   Next: 62%
Magic:  6/6        EV: 12    Int: 17    God:
Gold:   115        SH:  0    Dex: 10    Spells: 5/6 levels left

rFire   . . .      SeeInvis .   h - +0 short sword
rCold   . . .      Faith    .   (no shield)
rNeg    + . .      Spirit   .   b - +0 robe
rPois   ∞          Reflect  .   (no helmet)
rElec   +          Harm     .   (no cloak)
rCorr   .          Rampage  .   (no gloves)
Will    .....                   (no boots)
Stlth   ++........              (no amulet)
HPRegen 0.06/turn               (no ring)
MPRegen 0.10/turn               (no ring)

@: no status effects
A: sickness immunity, AC +3, negative energy resistance 1, electricity
resistance, torment resistance 1, petrification resistance
a: no special abilities


You were on level 2 of the Dungeon.
You visited 1 branch of the dungeon, and saw 2 of its levels.

You collected 115 gold pieces.

Inventory:

Hand Weapons
 h - a +0 short sword (weapon)
Missiles
 c - 60 stones
Armour
 b - a +0 robe (worn)
Scrolls
 a - a scroll of fear {unknown}
 d - a scroll of blinking {unknown}
 f - a scroll of torment {unknown}
Potions
 g - 2 potions of cancellation {unknown}


   Skills:
 + Level 1.4 Fighting
 - Level 2.0 Dodging
 - Level 2.1 Stealth
 + Level 2.4 Spellcasting
 - Level 1.0 Transmutations
 + Level 4.2 Earth Magic


You had 5 spell levels left.
You knew the following spells:

 Your Spells              Type           Power      Damage    Failure   Level
a - Sandblast             Erth           32%        2d9       3%          1

Your spell library contained the following spells:

 Spells                   Type           Power      Damage    Failure   Level
 Passwall                 Tmut/Erth      8%         N/A       10%         2
 Stone Arrow              Conj/Erth      18%        3d8       24%         3
 Petrify                  Tmut/Erth      10%        N/A       54%         4


Dungeon Overview and Level Annotations

Branches:
Dungeon (2/15)

Altars:


Innate Abilities, Weirdness & Mutations

You are immune to sickness and miasma.
Your stone body is resilient. (AC +3)
You are immune to poison.
You resist negative energy. (rN+)
You are resistant to electric shocks. (rElec)
You are resistant to unholy torment.
You are immune to petrification.


Message History

You hit the worm.
The worm is moderately wounded.
The worm closely misses you.
You hit the worm.
The worm is heavily wounded.
The kobold closely misses you.
You hit the worm but do no damage.
The worm is heavily wounded.
The kobold hits you but does no damage. The worm barely misses you.
The kobold hits you with a +0 whip.
You barely miss the worm.
The worm is moderately wounded.
The worm bites you. The kobold closely misses you.
You hit the worm.
The worm is heavily wounded.
The kobold completely misses you.
You barely miss the worm.
The worm is heavily wounded.
The worm completely misses you. The kobold misses you.
You hit the worm.
The worm is heavily wounded.
The kobold hits you with a +0 whip. The worm barely misses you.
You hit the worm.
The worm is severely wounded.
The kobold barely misses you.
You hit the worm.
The worm is almost dead.
The kobold misses you. The worm bites you but does no damage.
You barely miss the worm.
The worm is almost dead.
The kobold misses you. The worm barely misses you.
You hit the worm.
The worm is almost dead.
The kobold hits you but does no damage.
You barely miss the worm.
The worm is almost dead.
The kobold hits you with a +0 whip.
* * * LOW HITPOINT WARNING * * *
The worm bites you!
You die...

.....#.#.......
#..|...#...#+#....###
#......#.............
#......+..........##.
#......##.<...##.###.
#................# #.
... .....####.#.# #.
#w#+#.######...###.
#.@................
###K#.#############
#.....# ..K.#.#.#
##.#...#.# .. ......#
## ##.#.### .....
#.##.


You could see a worm and a kobold.

Vanquished Creatures
  An adder (D:2)
  2 dart slugs
  3 bats
  An endoplasm (D:1)
  A giant cockroach (D:1)
  2 goblins
  2 hobgoblins (D:1)
  A quokka (D:1)
  7 ball pythons
  3 frilled lizards (D:1)
  6 kobolds
  4 rats
33 creatures vanquished.

Notes
Turn   | Place    | Note
-------+----------+-------------------------------------------
     0 | D:1      | safid the Gargoyle Earth Elementalist began the quest for
                  | the Orb.
     0 | D:1      | Reached XP level 1. HP: 10/10 MP: 3/3
   380 | D:1      | Reached skill level 1 in Transmutations
   380 | D:1      | Reached XP level 2. HP: 13/16 MP: 5/5
  1061 | D:1      | Found a faded altar of an unknown god.
  1233 | D:1      | Reached skill level 1 in Fighting
  1474 | D:1      | Reached skill level 4 in Earth Magic
  1474 | D:1      | Reached XP level 3. HP: 20/20 MP: 6/6
  2157 | D:2      | Slain by a worm

Illustrated notes

Levels and vault maps discovered:
D:1:      heliophobic_arrival_dark_side_of_the_moon, layout_basic,
          hellmonk_ecumenical_altar_blasted
D:2:      layout_basic, serial_shops, nicolae_shop_advertising_works
          [nicolae_subvault_shop_adworks], serial_rivers,
          chequers_serial_rivers_micro_e, chequers_serial_rivers_micro_c,
          chequers_serial_rivers_micro_b, chequers_serial_rivers_micro_c,
          minmay_misc_feat_columns

Skill      XL: |  1  2  3 |
---------------+----------+-----
Transmutations | 1 |  1.0
Fighting       | 1 |  1.4
Earth Magic    | 4 |  4.2
Dodging        | 2 |  2.0
Stealth        | |  2.1
Spellcasting   | |  2.4

Action                   || total
-------------------------++-------
Melee: Dagger            ||    92
       Unarmed           ||     8
       Punch             ||     1
       Short sword       ||    58
 Cast: Sandblast         ||    11
 Stab: Sleeping          ||     4
Armor: Robe              ||    67
Dodge: Dodged            ||   124
